 Dungeon Crawl Stone Soup version 0.30.1-9-gdf580d7c3d (webtiles) character file.

Game seed: 13958266282034157437

133 leafyfresh the Trooper (level 4, -5/45 HPs)
             Began as a Minotaur Delver on Oct 26, 2023.
             Killed from afar by a white imp (8 damage)
             ... with a puff of frost
             ... on level 5 of the Dungeon.
             The game lasted 00:00:47 (193 turns).

leafyfresh the Trooper (Minotaur Delver)             Turns: 193, Time: 00:00:47

Health: -5/45      AC:  3    Str: 19    XL:     4   Next: 94%
Magic:  3/3        EV: 12    Int:  7    God:
Gold:   25         SH:  0    Dex: 11    Spells: 3/3 levels left

rFire   . . .        a - +0 hand axe
rCold   . . .        (no shield)
rNeg    . . .        b - +0 leather armour
rPois   .            (helmet restricted)
rElec   .            (no cloak)
rCorr   .            (no gloves)
SInv    .            (no boots)
Will    .....        (no amulet)
Stlth   ++           (no ring)
HPRegen 0.27/turn    (no ring)
MPRegen 0.08/turn

%: no passive effects
@: no status effects
A: horns 2, retaliatory headbutt
a: no special abilities


You were on level 5 of the Dungeon.
You visited 1 branch of the dungeon, and saw 1 of its levels.

You collected 25 gold pieces.

Inventory:

Hand Weapons
 a - a +0 hand axe (weapon)
Armour
 b - a +0 leather armour (worn)
Wands
 g - a wand of digging (3)
Scrolls
 c - a scroll of fog
 d - a scroll of magic mapping
 e - a scroll of fear
 i - a scroll of enchant armour {unknown}
 j - a scroll of identify {unknown}
Potions
 f - a potion of haste
 h - a potion of might {unknown}
 k - a potion of curing {unknown}


   Skills:
 + Level 6.5 Fighting
 - Level 2.7 Axes
 - Level 2.4 Dodging
 - Level 4.2 Stealth


You had 3 spell levels left.
You didn't know any spells.
Your spell library was empty.

Dungeon Overview and Level Annotations

Branches:
Dungeon (5/15)
 Temple: D:4-7

Altars:


Innate Abilities, Weirdness & Mutations

You have a pair of horns on your head.
You reflexively headbutt those who attack you in melee.


Message History

You kill the gnoll!
The gnoll hits you from afar with a +0 halberd!
The gnoll completely misses you.
Items here: ( )) †.
You hit the gnoll.
The gnoll is heavily wounded.
The gnoll completely misses you.
You hit the gnoll.
The gnoll is severely wounded.
The gnoll barely misses you.
You slash the gnoll!
You kill the gnoll!
The white imp puffs mist at you. The gnoll closely misses you.
The white imp misses you.
You hit the white imp.
The white imp is moderately wounded.
The gnoll barely misses you. The white imp misses you.
You completely miss the white imp.
The white imp is moderately wounded.
The gnoll hits you from afar with a +0 spear.
The white imp gestures at you. The puff of frost hits you.
You closely miss the white imp.
The white imp is moderately wounded.
The gnoll completely misses you. The white imp hits you.
The white imp freezes you.
You barely miss the white imp.
You headbutt the white imp, but do no damage.
The white imp is moderately wounded.
The gnoll misses you. The white imp gestures at you.
The puff of frost hits you!
* * * LOW HITPOINT WARNING * * *
You hit the white imp.
The white imp is almost dead.
The gnoll hits you from afar with a +0 spear.
* * * LOW HITPOINT WARNING * * *
The white imp gestures at you. The puff of frost hits you!
You die...

#......................
######.###.............
#.# #............. #.#
#............. #.#
#............. #.#
#............. #.#
#............. #.#
#............. #@#
#............. #5#
............# #g#
...........#
#.......#######.####
#.......# ####.....
#.......# #....####
#.......# #.##.####
#.......# #.##.#...
........# ##.##.#.##


You could see a gnoll and a white imp.

Vanquished Creatures
  An ice beast (D:5)
  3 gnolls (D:5)
  An adder (D:5)
  An ufetubus (D:5)
6 creatures vanquished.

Notes
Turn   | Place    | Note
-------+----------+-------------------------------------------
     0 | D:5      | leafyfresh the Minotaur Delver began the quest for the Orb.
     0 | D:5      | Reached XP level 1. HP: 19/19 MP: 0/0
    33 | D:5      | Reached XP level 2. HP: 23/27 MP: 1/1
   109 | D:5      | Reached skill level 4 in Fighting
   128 | D:5      | Noticed an ice beast
   144 | D:5      | Killed an ice beast
   145 | D:5      | Reached skill level 6 in Fighting
   145 | D:5      | Reached XP level 3. HP: 37/37 MP: 2/2
   145 | D:5      | Reached XP level 4. HP: 44/44 MP: 3/3
   193 | D:5      | Killed from afar by a white imp

Illustrated notes

Levels and vault maps discovered:
D:5:      layout_basic, ebering_ghost_disaster_area, minmay_hedge_maze,
          chequers_hall_statues_corner_a

Skill      XL: |  1  2 |
---------------+-------+-----
Fighting       | 6 |  6.5
Axes           | |  2.7
Dodging        | |  2.4
Stealth        | |  4.2

Action                     |  1- 3 |  4- 6 || total
---------------------------+-------+-------++-------
  Melee: Hand axe          |    11 |    13 ||    24
         Headbutt          |     2 |     4 ||     6
   Stab: Sleeping          |     1 |       ||     1
 Armour: Leather armour    |     3 |       ||     3
  Dodge: Dodged            |    16 |    12 ||    28
